cohdb
Replays
Latest Replays
All Replays
Popular Replays
Top Player Replays
Match Explorer
How It Works
Community
CoH3 Stats
Reddit
Sign in to upload your games and track your stats! →
Sign in with Steam
Match 42247523
Unlisted
Match 42247523
Overview
Messages
Build Orders
End
Panzergrenadier Squad
250 Light Carrier
Panzergrenadier Squad
Panzergrenadier Squad
Construct Light Support Kompanie
Combat Half-tracks
Fire Support Elements
2.5-tonne Medical Truck
Forward Retreat Point
Panzerjäger Squad
Panzerjäger Squad
2.5-tonne Medical Truck
Selects Armored Support Battlegroup
Selects Salvage Kits
Selects Panzer Storm
Selects Veteran Gunners
Selects Flammpanzer III Medium Tank
Flammpanzer III Medium Tank
Construct Panzerarmee Kommand
★HAL-9000★☠
EL_Presidente
ROGUE ONE
Ribamboule
Dahlian
just a chill world leader ♡
JohnstyPonst
Mace
0
0
Comments
sign in to comment!
No comments posted yet!